Map: Data-C

Players

Oliveira

  • Race: Terran Terran
  • League: Grandmaster
  • Spawn Location: 9:00

ByuN - Winner!

  • Race: Terran Terran
  • Spawn Location: 3:00

VOD

Have the link to the VOD?

Description

Time

  • Played on: Oct. 22, 2022, 8:08 a.m.
  • Length: 2:27
Show
View Real Time Build Order
Export as new Build Order

Oliveira Terran 

Build Orders: Gas First Reaper Expand 

Get SALT Encoding   

  12  0:00  SCV  
  13  0:12  SCV  
  14  0:17  Supply Depot  
  14  0:24  SCV  
  14  0:28  Refinery  
  15  0:38  SCV  
  16  0:44  Barracks  
  16  0:50  SCV  
  17  1:03  SCV  
  18  1:15  SCV  
  19  1:32  Reaper, Orbital Command  
  20  1:43  Command Center  
  20  1:53  Factory  
  20  1:57  SCV  
  21  2:06  Barracks Reactor  
  21  2:07  Refinery  
  21  2:09  SCV  
  21  2:15  Supply Depot  
Show
View Real Time Build Order
Export as new Build Order

ByuN Terran - Winner!

Build Orders:  

Get SALT Encoding   

  12  0:00  SCV  
  13  0:13  Supply Depot  
  13  0:19  SCV  
  14  0:38  Barracks  
  14  0:42  Refinery  
  15  0:55  Barracks  
  14  1:00  SCV  
  15  1:12  SCV  
  16  1:25  Reaper  
  18  1:27  Orbital Command  
  17  1:34  Refinery  
  17  1:42  Reaper  
  18  1:52  SCV  
  19  1:58  Supply Depot  
  20  2:04  SCV  
Tags
 
Add a new tag
Caveats
  • Supply blocks, unpowered buildings, or Contaminate may cause inaccurate times.
  • Supply counts are checked every 10 seconds.